 Dungeon Crawl Stone Soup version 0.28-a0-726-g4a9143789a (webtiles) character file.

Game seed: 10073718270467995265

8722 cheechan the Spear-Bearer (level 11, -5/100 HPs)
             Began as a Naga Chaos Knight on Oct 27, 2021.
             Was a Plaything of Xom.
             Slain by Snorg (18 damage)
             ... on level 11 of the Dungeon.
             The game lasted 00:46:52 (11632 turns).

cheechan the Spear-Bearer (Naga Chaos Knight)      Turns: 11632, Time: 00:46:52

Health: -5/100     AC: 35    Str: 21    XL:     11   Next: 35%
Magic:  9/9        EV:  0    Int: 14    God:    Xom [......]
Gold:   203        SH:  5    Dex: 18    Spells: 9/10 levels left

rFire   + + +      SeeInvis +   C - +5 halberd of Satyriasis {flame, rPois rC- Str+3}
rCold   x x .      Faith    .   (shield currently unavailable)
rNeg    + . .      Spirit   .   L - +1 gold dragon scales
rPois   +          Reflect  +   (helmet restricted)
rElec   +          Harm     .   f - +1 cloak
rCorr   .          Rampage  .   j - +1 pair of gloves {Dex+3}
Will    +....      Clarity  +   V - +10 Black Knight's barding {ponderous, rPois rN+}
Stlth   ..........              w - amulet of reflection
HPRegen 0.26/turn               A - ring of fire
MPRegen 0.11/turn               z - ring of fire

@: mighty, unable to read, very slow
A: AC +3, large, see invisible, deformed body, poison resistance, slowness 2,
spit poison 1, naga tail 1, horns 1, stinger 1, iridescent scales 1, thin
skeletal structure 1, agile 1, clarity, clever 1, low mp 1, electricity
resistance, inability to read while threatened
a: Spit Poison, Renounce Religion


You were on level 11 of the Dungeon.
You worshipped Xom.
You were a very special plaything of Xom.
You visited 2 branches of the dungeon, and saw 12 of its levels.
You also visited: Ossuary.

You collected 657 gold pieces.
You spent 454 gold pieces at shops.

Inventory:

Hand Weapons
 a - a +1 hand axe of chaos
 b - a +3 flail of freezing
 h - a +1 vorpal shortbow
 v - a +2 whip of flaming
 C - the +5 halberd of Satyriasis (weapon) {flame, rPois rC- Str+3}
   (You bought it in a shop on level 3 of the Dungeon)

   It burns those it strikes, dealing additional fire damage.
   Big, fiery blades are also staple armaments of hydra-hunters.
   Str:       It affects your strength (+3).
   rC:        It makes you vulnerable to cold.
   rPois:     It protects you from poison.
 J - a +2 shortbow of freezing
 K - a +1 vampiric war axe
 P - a +0 hand crossbow
 R - a +6 mace of draining
Missiles
 c - 76 bolts
 d - 49 poisoned darts
 e - 307 stones
 o - 4 boomerangs
 p - 82 arrows
 Q - 16 sling bullets
Armour
 f - a +1 cloak (worn)
 j - a +1 pair of gloves of dexterity (worn)
 m - a +0 buckler
 s - a +0 helmet
 E - +0 acid dragon scales
 L - +1 gold dragon scales (worn)
 S - +0 steam dragon scales
 U - a +2 pair of gloves
 V - the +10 Black Knight's barding (worn) {ponderous, rPois rN+}
   (You acquired it on level 10 of the Dungeon)

   rPois:     It protects you from poison.
   rN:        It protects you from negative energy.
Magical Staves
 q - a staff of cold
 B - a staff of air
Jewellery
 t - an amulet of faith
 w - an amulet of reflection (around neck)
 y - an amulet of guardian spirit
 z - a ring of fire (right hand)
 A - a ring of fire (left hand)
 F - an amulet of faith
Wands
 i - a wand of iceblast (7)
 M - a wand of polymorph (10)
 N - a wand of acid (11)
 T - a wand of charming (6)
Scrolls
 r - a scroll of amnesia
 G - a scroll of holy word
 H - 2 scrolls of noise
 I - a scroll of teleportation
Potions
 g - 3 potions of brilliance
 k - a potion of attraction {unknown}
 l - a potion of ambrosia
 n - 4 potions of lignification
 u - 7 potions of flight
 x - a potion of might
 D - 2 potions of haste


   Skills:
 + Level 7.5 Fighting
 + Level 4.5(8.5) Axes
 + Level 5.3(6.2) Maces & Flails
 + Level 9.7(10.2) Polearms
 + Level 6.3 Armour
 + Level 4.0 Dodging
 + Level 6.0 Stealth
 + Level 3.9 Shields


You had 9 spell levels left.
You knew the following spells:

 Your Spells              Type           Power      Damage    Failure   Level
a - Magic Dart            Conj           0%         1d3       100%        1

Your spell library contained the following spells:

 Spells                   Type           Power      Damage    Failure   Level
 Animate Skeleton         Necr           0%         N/A       100%        1
 Pain                     Necr           0%         1d4       100%        1
 Searing Ray              Conj           0%         2d4       100%        2
 Summon Guardian Golem    Hex/Summ       0%         N/A       100%        3
 Vampiric Draining        Necr           0%         2d6       100%        3
 Fulminant Prism          Conj/Hex       0%         3d6       100%        4
 Iskenderun's Mystic Bla  Conj/Tloc      0%         2d3       100%        4
 Lee's Rapid Deconstruct  Erth           0%         3d5*      100%        5
 Orb of Destruction       Conj           0%         N/A       100%        7
 Spellforged Servitor     Conj/Summ      0%         N/A       100%        7


Dungeon Overview and Level Annotations

Branches:
Dungeon (11/15)            Temple (1/1) D:4            Lair (0/6) D:8
Ossuary (visited)
    Orc: D:9-12

Altars:
Ashenzari
Cheibriados
Dithmenos
Elyvilon
Fedhas
Gozag
Hepliaklqana
Kikubaaqudgha
Makhleb
Nemelex Xobeh
Qazlal
Ru
Sif Muna
Trog
Uskayaw
Vehumet
Wu Jian
Xom
Yredelemnul
Zin
The Shining One

Shops:
D:1 !   D:3 *(*   D:5 :   D:9 [   D:10 (   D:11 [

Annotations:
D:11 Snorg


Innate Abilities, Weirdness & Mutations

Your serpentine skin is tough. (AC +3)
You have supernaturally acute eyesight. (SInv)
Armour fits poorly on your strangely shaped body.
Your system is resistant to poisons. (rPois)
You cover ground very slowly.
You can spit poison.
You have a snake-like lower body.
You have a pair of small horns on your head.
Your tail ends in a poisonous barb.
You are partially covered in iridescent scales. (AC +2)
You have a somewhat thin skeletal structure. (Dex +2, Stealth+)
You are agile. (Dex +2)
You possess an exceptional clarity of mind.
Your mind is acute. (Int +2)
Your magical capacity is low. (-10% MP)
You are resistant to electric shocks. (rElec)
You sometimes lose the ability to read scrolls when taking damage.


Message History

Snorg claws you but does no damage. x2
Your gold dragon scales prevents you from hitting Snorg.
You headbutt Snorg!
Snorg is lightly wounded.
Snorg bites you but does no damage. Snorg claws you but does no damage. x2
Snorg bites you. Snorg claws you but does no damage. x2
You slice Snorg!! You burn Snorg.
Snorg is moderately wounded.
You block Snorg's attack. Snorg claws you but does no damage. Snorg claws you.
You puncture Snorg! You burn Snorg.
Snorg is moderately wounded.
Snorg bites you. Snorg claws you but does no damage. Snorg claws you!
You feel threatened and lose the ability to read scrolls!
* * * LOW HITPOINT WARNING * * *
Okay, then.
You cannot read scrolls in your current state!
You puncture Snorg! You burn Snorg. You headbutt Snorg.
Snorg is heavily wounded.
You block Snorg's attack. Snorg claws you but does no damage. x2
Snorg bites you but does no damage. Snorg claws you but does no damage. x2
You closely miss Snorg. You headbutt Snorg!
Snorg is heavily wounded.
You can read scrolls again.
Snorg bites you!
* * * LOW HITPOINT WARNING * * *
Snorg claws you!
You feel threatened and lose the ability to read scrolls!
* * * LOW HITPOINT WARNING * * *
Snorg claws you but does no damage.
You feel better. Snorg bites you but does no damage. Snorg claws you.
* * * LOW HITPOINT WARNING * * *
You block Snorg's attack. Snorg bites you but does no damage.
Snorg claws you but does no damage. x2
You feel better. Snorg bites you!
* * * LOW HITPOINT WARNING * * *
Snorg claws you but does no damage. x2
You feel better. Snorg bites you but does no damage.
Snorg claws you but does no damage. x2; Snorg bites you!!
You die...
Xom giggles madly!

##......#.# #!
##.#...#.# .
#.#####.# . ###
#.#####.##### #. #..
............#
#.#.##.#
#.#####.###.# .....#
#.# #.#
#)K####.#####.#
#KKT@.........#
#.K########.##......#
>....# #.# ......#
#####.# #.# ...)..#
#Z# #.# .###### #.#
#.# .# ... #.# .# #.#
#.. ..


You could see Snorg (berserk), a kobold brigand and 3 kobolds.

Vanquished Creatures
  4 two-headed ogres
  Pikel (D:4)
  3 kobold demonologists (D:11)
  A meliai zombie (D:10)
  2 wyverns (D:9)
  A shadow (D:10)
  2 wraiths
  A basilisk (D:8)
  2 steam dragons (D:8)
  2 water moccasins (D:6)
  Duvessa (D:5)
  A necrophage (D:6)
  4 orc warriors
  A sky beast (D:7)
  2 ogres
  4 centaurs
  2 kobold brigands
  2 bullfrogs
  4 scorpions
  A wyvern zombie (D:9)
  5 water moccasin zombies (Ossuary)
  Dowan (D:5)
  12 wights
  4 howler monkeys
  A centaur zombie (D:9)
  A jelly (D:7)
  A hound (D:5)
  7 orc priests
  A bullfrog skeleton (D:6)
  Ijyb (D:4)
  2 iguanas
  4 orc wizards
  A hound skeleton (D:4)
  2 mummies (Ossuary)
  Robin (D:4)
  A howler monkey zombie (D:11)
  3 gnolls (D:3)
  A howler monkey skeleton (D:6)
  5 adders
  A shadow imp (D:7)
  3 white imps
  An ufetubus (D:7)
  4 adder zombies (Ossuary)
  A worm (D:4)
  3 dart slugs
  19 orcs
  9 ball pythons
  5 endoplasms
  2 giant cockroaches
  5 gnoll zombies (Ossuary)
  13 goblins
  9 hobgoblins
  9 jackals
  7 quokkas
  5 bats
  5 frilled lizards
  4 hobgoblin zombies (Ossuary)
  15 kobolds
  2 kobold zombies (Ossuary)
  3 orc zombies (Ossuary)
  6 rats
226 creatures vanquished.

Vanquished Creatures (collateral kills)
  A centaur (D:8)
  A centaur zombie (D:8)
2 creatures vanquished.

Vanquished Creatures (others)
  An acid dragon (D:10)
  A plant (D:8)
2 creatures vanquished.

Grand Total: 230 creatures vanquished

Notes
Turn   | Place    | Note
-------+----------+-------------------------------------------
     0 | D:1      | cheechan the Naga Chaos Knight began the quest for the Orb.
     0 | D:1      | Reached XP level 1. HP: 21/21 MP: 1/1
   100 | D:1      | Found Erimp's Distillery.
   107 | D:1      | XOM: potion effect (curing)
   152 | D:1      | Reached XP level 2. HP: 20/28 MP: 2/2
   462 | D:1      | XOM: 3-stop teleportation journey
   609 | D:2      | Reached XP level 3. HP: 27/34 MP: 3/3
   840 | D:2      | XOM: potion effect (invisibility)
   846 | D:2      | Reached skill level 1 in Dodging
  1171 | D:1      | Reached XP level 4. HP: 40/44 MP: 4/4
  1255 | D:1      | Found a faded altar of an unknown god.
  1715 | D:2      | XOM: scenery: summon butterflies
  1903 | D:2      | XOM: god gift: scorched ring mail {god gift}
  1903 | D:2      | Identified the +2 ring mail of Xom's Grace {rPois} (Xom
                  | gifted it to you on level 2 of the Dungeon)
  2101 | D:3      | Found a snail-covered altar of Cheibriados.
  2120 | D:3      | XOM: 1-stop teleportation journey
  2141 | D:3      | You fall into a shaft and drop 2 floors!
  2141 | D:5      | Entered Level 5 of the Dungeon
  2156 | D:5      | XOM: blink monster(s)
  2188 | D:5      | XOM: noise
  2258 | D:5      | Noticed an ogre
  2268 | D:5      | Noticed a scorpion
  2425 | D:5      | Reached XP level 5. HP: 10/50 MP: 5/5
  2618 | D:5      | XOM: divination: detect items
  2629 | D:5      | Killed an ogre
  2630 | D:5      | Reached skill level 1 in Maces & Flails
  2630 | D:5      | Reached XP level 6. HP: 26/57 MP: 6/6
  2715 | D:5      | XOM: 10-stop teleportation journey
  2747 | D:5      | You fall into a shaft and drop 1 floor!
  2761 | D:6      | Noticed a water moccasin
  2764 | D:6      | XOM: noise
  2815 | D:6      | Learned a level 1 spell: Magic Dart
  2895 | D:6      | Noticed a water moccasin
  2897 | D:6      | XOM: destruction
  2901 | D:6      | Noticed Duvessa
  2903 | D:6      | Killed a water moccasin
  2904 | D:6      | Reached XP level 7. HP: 48/66 MP: 7/7
  2905 | D:6      | XOM: summons 4 friendly demons
  2905 | D:6      | Noticed Dowan
  3162 | D:5      | HP: 2/66 [centaur (5)]
  3168 | D:5      | Reached skill level 1 in Stealth
  3551 | D:4      | Noticed Robin
  3569 | D:4      | Killed Robin
  3607 | D:4      | Found a staircase to the Ecumenical Temple.
  3614 | Temple   | Entered the Ecumenical Temple
  3749 | Temple   | XOM: give mutations
  3749 | Temple   | Gained mutation: You are agile. (Dex +2) [Xom's grace]
  3749 | Temple   | Gained mutation: Your mind is acute. (Int +2) [Xom's grace]
  3749 | Temple   | Gained mutation: You are very agile. (Dex +4) [Xom's grace]
  3855 | D:4      | XOM: cleaving
  4083 | D:4      | Noticed Ijyb
  4085 | D:4      | Noticed Pikel
  4097 | D:4      | Killed Ijyb
  4101 | D:4      | XOM: potion effect (might)
  4107 | D:4      | Killed Pikel
  4108 | D:4      | Reached skill level 5 in Fighting
  4108 | D:4      | Reached skill level 1 in Shields
  4108 | D:4      | Reached XP level 8. HP: 34/74 MP: 8/8
  4152 | D:4      | XOM: divination: detect creatures
  4268 | D:4      | XOM: blink monster(s)
  4377 | D:4      | Reached skill level 5 in Maces & Flails
  4474 | D:3      | Found Vajes's General Store.
  4552 | D:3      | Bought a potion of mutation for 88 gold pieces
  4552 | D:3      | Lost mutation: Your mind is acute. (Int +2) [potion of
                  | mutation]
  4552 | D:3      | Lost mutation: You are very agile. (Dex +4) [potion of
                  | mutation]
  4552 | D:3      | Lost mutation: You are agile. (Dex +2) [potion of mutation]
  4552 | D:3      | Gained mutation: You have a somewhat thin skeletal
                  | structure. (Dex +2, Stealth+) [potion of mutation]
  4552 | D:3      | Gained mutation: You are partially covered in iridescent
                  | scales. (AC +2) [potion of mutation]
  4552 | D:3      | Gained mutation: You are weak. (Str -2) [potion of
                  | mutation]
  4553 | D:3      | Lost mutation: You are partially covered in iridescent
                  | scales. (AC +2) [potion of mutation]
  4553 | D:3      | Lost mutation: You are weak. (Str -2) [potion of mutation]
  4553 | D:3      | Lost mutation: You have a somewhat thin skeletal structure.
                  | (Dex +2, Stealth+) [potion of mutation]
  4553 | D:3      | Gained mutation: Your tail ends in a poisonous barb.
                  | [potion of mutation]
  4553 | D:3      | Gained mutation: You have a pair of small horns on your
                  | head. [potion of mutation]
  4819 | D:3      | Found Himmaut's Antique Weapon Shoppe.
  4850 | D:3      | Bought an ichor-stained halberd for 171 gold pieces
  4850 | D:3      | Identified the +5 halberd of Satyriasis {flame, rPois rC-
                  | Str+3} (You bought it in a shop on level 3 of the Dungeon)
  4951 | D:3      | Found Giajuawn's Assorted Antiques.
  5470 | D:5      | Found Ufoazet's Book Boutique.
  5544 | D:5      | XOM: god gift: potion of degeneration
  5564 | D:5      | XOM: god gift: 25 gold pieces
  5745 | D:5      | Found a sacrificial altar of Ru.
  6034 | D:5      | XOM: summons 2 friendly demons
  6037 | D:5      | Killed Dowan
  6046 | D:5      | HP: 3/74 [Duvessa (2)]
  6047 | D:5      | Killed Duvessa
  6048 | D:5      | Reached skill level 1 in Polearms
  6168 | D:5      | XOM: cloud trail
  6231 | D:5      | XOM: give mutation
  6231 | D:5      | Gained mutation: You are resistant to electric shocks.
                  | (rElec) [Xom's grace]
  6435 | D:6      | Reached skill level 2 in Polearms
  6443 | D:6      | XOM: god gift: amulet of faith
  6475 | D:6      | Reached XP level 9. HP: 81/81 MP: 9/9
  6483 | D:6      | XOM: scenery: 1 doors close
  6643 | D:6      | XOM: summons 5 hostile demons
  6933 | D:6      | Reached skill level 3 in Polearms
  6967 | D:6      | XOM: stat loss: -1 Dex (10/11)
  7144 | D:6      | Found an ancient bone altar of Kikubaaqudgha.
  7274 | D:6      | XOM: silly message
  7366 | D:7      | Found a bloodstained altar of Trog.
  7378 | D:7      | Reached skill level 5 in Armour
  7521 | D:7      | XOM: butterfly on damage
  7547 | D:7      | XOM: confusion (+ monsters)
  7565 | D:7      | Reached skill level 4 in Polearms
  7826 | D:7      | XOM: silly message
  8122 | D:7      | XOM: give mutations
  8122 | D:7      | Gained mutation: Your magical capacity is low. (-10% MP)
                  | [Xom's mischief]
  8122 | D:7      | Gained mutation: Your mind is acute. (Int +2) [Xom's
                  | mischief]
  8302 | D:8      | Found a sand-covered staircase.
  8306 | Ossuary  | Entered an ossuary
  8422 | Ossuary  | Reached skill level 5 in Polearms
  8579 | D:8      | Reached skill level 6 in Polearms
  8604 | D:8      | XOM: swap monsters
  8607 | D:8      | XOM: confuse monster(s)
  8620 | D:8      | Reached XP level 10. HP: 65/91 MP: 9/9
  8658 | D:8      | XOM: 2-stop teleportation journey
  8862 | D:8      | Found a glowing golden altar of the Shining One.
  8889 | D:8      | XOM: god gift: wand of charming (6)
  8894 | D:8      | Reached skill level 7 in Polearms
  8912 | D:8      | Found a staircase to the Lair.
  8975 | D:8      | XOM: summons 10 friendly demons
  9096 | D:9      | Found Nuonoew's Antique Armour Boutique.
  9101 | D:9      | Bought a pair of glowing gloves for 195 gold pieces
  9198 | D:9      | Noticed a two-headed ogre
  9203 | D:9      | XOM: chaos upgrade
  9210 | D:9      | Killed a two-headed ogre
  9424 | D:9      | XOM: god gift: 16 arrows
  9656 | D:9      | XOM: potion effect (curing)
  9662 | D:9      | Reached skill level 8 in Polearms
  9704 | D:9      | XOM: divination: detect items
  9780 | D:9      | XOM: give mutations
  9780 | D:9      | Gained mutation: You are partially covered in iridescent
                  | scales. (AC +2) [Xom's grace]
  9780 | D:9      | Gained mutation: You are agile. (Dex +2) [Xom's grace]
  9930 | D:9      | Reached skill level 5 in Stealth
 10365 | D:10     | Entered Level 10 of the Dungeon
 10419 | D:10     | XOM: enchant monster (good)
 10460 | D:10     | XOM: give mutations
 10460 | D:10     | Gained mutation: You have a somewhat thin skeletal
                  | structure. (Dex +2, Stealth+) [Xom's grace]
 10460 | D:10     | Gained mutation: Your tail ends in a sharp poisonous barb.
                  | [Xom's grace]
 10460 | D:10     | Gained mutation: You possess an exceptional clarity of
                  | mind. [Xom's grace]
 10499 | D:10     | Noticed a two-headed ogre
 10504 | D:10     | XOM: confuse monster(s)
 10508 | D:10     | Killed a two-headed ogre
 10525 | D:10     | Noticed a two-headed ogre
 10535 | D:10     | Killed a two-headed ogre
 10536 | D:10     | Reached skill level 9 in Polearms
 10536 | D:10     | Reached XP level 11. HP: 53/100 MP: 9/9
 10547 | D:10     | HP: 4/100 [acid dragon/splash of acid (20)]
 10988 | D:10     | Identified 2 scrolls of acquirement
 10988 | D:10     | Acquired the +10 Black Knight's barding {ponderous, rPois
                  | rN+}
 10988 | D:10     | Found the +10 Black Knight's barding {ponderous, rPois rN+}
 11000 | D:10     | Acquired +1 gold dragon scales
 11179 | D:10     | XOM: give mutations
 11179 | D:10     | Gained mutation: You sometimes lose the ability to read
                  | scrolls when taking damage. [Xom's mischief]
 11179 | D:10     | Gained mutation: You occasionally shout uncontrollably at
                  | your foes. [Xom's mischief]
 11179 | D:10     | Lost mutation: You occasionally shout uncontrollably at
                  | your foes. [Xom's mischief]
 11411 | D:10     | Found Taacwoiwa's Weapon Shoppe.
 11509 | D:11     | Found Qokhlyo's Antique Armour Emporium.
 11602 | D:11     | Noticed a two-headed ogre
 11604 | D:11     | XOM: noise
 11608 | D:11     | XOM: give mutation
 11608 | D:11     | Lost mutation: Your tail ends in a sharp poisonous barb.
                  | [Xom's mischief]
 11611 | D:11     | Noticed a sixfirhy
 11612 | D:11     | XOM: blink monster(s)
 11614 | D:11     | Noticed Snorg
 11623 | D:11     | Killed a two-headed ogre
 11629 | D:11     | HP: 1/100 [Snorg (13)]
 11632 | D:11     | Slain by Snorg

Illustrated notes

Levels and vault maps discovered:
D:1:      psy_arrival_radial02, layout_basic, serial_shops, shop,
          hellmonk_ecumenical_altar_dog_temple
D:2:      layout_basic, chequers_serial_rivers_large_b
D:3:      layout_loops_ring, mainiacjoe_overflow_small_starburst, serial_shops,
          nicolae_shop_statue_plus, nicolae_shop_waterfront,
          nicolae_lakefront_shop
D:4:      minmay_inner_zag, layout_basic, minmay_temple_entry_nine_rooms,
          kennysheep_minor_cross, uniq_ijyb, uniq_robin, uniq_pikel
D:5:      layout_gridville, nicolae_ru_path_of_blood, serial_shops, shop,
          minmay_liquid_box
D:6:      layout_gridville, mainiacjoe_overflow_concentric_impassable,
          dk_vineyard_3, uniq_duvessa
D:7:      layout_basic, trog_butcher_becter, kennysheep_generic_room_8
D:8:      layout_cave_pools, tso_metal_star, dpeg_oklobed_lair,
          lightli_ossuary_entry_decrepit_ruins
D:9:      layout_gridville, nicolae_overflow_hidden_temple, serial_shops,
          kennysheep_little_box, serial_co_window_serial,
          co_window_of_opportunity_a, co_window_paths_a,
          co_window_of_opportunity_a, co_window_paths_b, co_window_paths_a,
          co_window_corner_a, co_window_corner_a, co_window_broadway_c,
          co_window_broadway_c, co_window_broadway_b,
          co_window_of_opportunity_b, co_window_unsneaky_path_b,
          co_window_unsneaky_path_e, co_window_2corner, co_window_paths_e,
          glass_columns_a, glass_columns_c, glass_columns_c, minivault_27,
          serial_park_tiny_pond, amcnicky_mini_pool_small
D:10:     layout_gridville, serial_shops, shop
D:11:     layout_loops_ring, nicolae_trove_entry_diagonal, serial_shops,
          nicolae_shop_waterfront, hive_lemuel, uniq_snorg
Temple:   nicolae_temple_elliptical

Skill      XL: |  1  2  3  4  5  6  7  8  9 10 11 |
---------------+----------------------------------+-----
Armour         | 2 3 4 5 6 |  6.3
Dodging        | 1 2 3 4 |  4.0
Axes           | 4 |  4.5
Fighting       | 4 5 6 7 |  7.5
Maces & Flails | 1 2 4 5 |  5.3
Stealth        | 1 2 3 5 6 |  6.0
Shields        | 1 2 3 |  3.9
Polearms       | 2 6 9 |  9.7

Action                   |  1- 3 |  4- 6 |  7- 9 | 10-12 || total
-------------------------+-------+-------+-------+-------++-------
Melee: Hand axe          |    96 |    89 |       |       ||   185
       Mace              |       |    30 |    83 |       ||   113
       Staff             |       |       |     2 |       ||     2
       Whip              |       |       |    58 |       ||    58
       Halberd           |       |       |   219 |   162 ||   381
       Headbutt          |       |       |    27 |    28 ||    55
 Abil: Spit Poison       |     4 |     9 |     6 |     5 ||    24
  Use: Scroll            |     1 |     6 |    20 |     4 ||    31
       Potion            |       |     3 |     3 |     9 ||    15
 Stab: Invisible         |     3 |       |       |     2 ||     5
       Confused          |       |       |     3 |     1 ||     4
       Sleeping          |       |       |     1 |     1 ||     2
Armor: Leather armour    |    55 |    31 |       |       ||    86
       Ring mail         |       |    39 |   235 |    59 ||   333
       Gold dragon scale |       |       |       |    60 ||    60
Dodge: Dodged            |    48 |    69 |   162 |    68 ||   347
Block: Buckler           |       |     9 |    56 |       ||    65
       Other             |       |       |    56 |    48 ||   104
       Reflection        |       |       |     2 |     4 ||     6

Table legend: (Time is in decaauts)
 A = Elapsed time spent in this place.
 B = Non-inter-level travel time spent in this place.
 C = Inter-level travel time spent in this place.
 D = Time resting spent in this place.
 E = Time spent auto-exploring this place.
 F = Levels seen in this place.
 G = Mean time per level.
                   A        B        C        D        E       F      G
               +--------+--------+--------+--------+--------+-----+--------+
         Total |  15001 |  15001 |      0 |   2575 |      0 |  13 | 1153.9 |
       Dungeon |  14436 |  14436 |      0 |   2575 |      0 |  11 | 1312.4 |
        Temple |    326 |    326 |      0 |      0 |      0 |   1 |  326.0 |
       Ossuary |    238 |    238 |      0 |      0 |      0 |   1 |  238.0 |
               +--------+--------+--------+--------+--------+-----+--------+

Top non-repeatable levels by time:
     D:5: 2560 daAuts
     D:9: 1715 daAuts
     D:6: 1533 daAuts
    D:10: 1442 daAuts
     D:2: 1427 daAuts
     D:1: 1400 daAuts
     D:4: 1251 daAuts
     D:7: 1189 daAuts
     D:3: 966 daAuts
     D:8: 777 daAuts
  Temple: 326 daAuts
 Ossuary: 238 daAuts
    D:11: 172 daAuts
